 Dungeon Crawl Stone Soup version 0.27.0-1-g7a08968 (webtiles) character file.

Game seed: 10442139288567185364

17 NeededCrab the Shield-Bearer (level 2, -1/27 HPs)
             Began as a Deep Dwarf Fighter on Oct 3, 2021.
             Slain by a goblin (19 damage)
             ... on level 2 of the Dungeon.
             The game lasted 00:02:07 (745 turns).

NeededCrab the Shield-Bearer (Deep Dwarf Fighter)    Turns: 745, Time: 00:02:08

Health: -1/27      AC:  8    Str: 19    XL:     2   Next: 44%
Magic:  2/2        EV:  7    Int:  8    God:
Gold:   82         SH:  9    Dex: 12    Spells: 1/1 levels left

rFire    . . .     SeeInvis .   a - +0 war axe
rCold    . . .     Faith    .   c - +0 kite shield
rNeg     . . .     Spirit   .   b - +0 scale mail
rPois    .         Reflect  .   (no helmet)
rElec    .         Harm     .   (no cloak)
rCorr    .         Rampage  .   i - +0 pair of gloves
Will     .....                  (no boots)
Stlth    ..........             (no amulet)
HPRegen  0.00/turn              (no ring)
MPRegen  0.08/turn              (no ring)

@: no status effects
A: damage resistance, heal wounds, sense surroundings 1, no regeneration
a: Heal Wounds


You were on level 2 of the Dungeon.
You visited 1 branch of the dungeon, and saw 2 of its levels.

You collected 82 gold pieces.

Inventory:

Hand Weapons
 a - a +0 war axe (weapon)
Armour
 b - a +0 scale mail (worn)
 c - a +0 kite shield (worn)
 i - a +0 pair of gloves (worn)
Scrolls
 f - 2 scrolls of teleportation {unknown}
 g - a scroll of blinking {unknown}
 h - 2 scrolls of identify {unknown}
Potions
 d - a potion of might
 e - a potion of curing {unknown}


   Skills:
 + Level 2.8 Fighting
 + Level 2.2 Axes
 + Level 3.6 Armour
 + Level 0.1 Dodging
 + Level 3.7 Shields


You had one spell level left.
You didn't know any spells.
Your spell library was empty.

Dungeon Overview and Level Annotations

Branches:
Dungeon (2/15)

Altars:
Ashenzari


Innate Abilities, Weirdness & Mutations

You are resistant to damage.
You can heal yourself by infusing magical energy.
You passively map a small area around you.
You do not regenerate.


Message History

A ball python comes into view.
The ball python hisses angrily.
A ball python is nearby!
A bat comes into view.
A rat comes into view.
You hit the ball python.
You kill the ball python!
The bat hits you. You block the bat's attack.
The bat hits you but does no damage.
You see here a ball python corpse.
You miss the bat. The bat hits you but does no damage. x2
The bat barely misses you. You block the bat's attack.
The rat bites you but does no damage.
You barely miss the bat. You barely miss the rat. The bat hits you.
You block the bat's attack. The rat barely misses you.
The bat barely misses you. The rat bites you but does no damage.
You slash the bat!
You kill the bat!
You barely miss the rat. You block the rat's attack.
You slash the rat!
You kill the rat!
No target in view!
No target in view!
No target in view!
No target in view!
Unknown command.
No target in view!
No target in view!
Found a stone staircase leading up.
h - 2 scrolls labelled GIHIUHYCWI (gained 1)
A goblin comes into view.
It is wielding a +1 dagger of electrocution.
The goblin shouts!
A ball python comes into view.
Found an escape hatch in the floor.
The ball python hisses angrily.
You closely miss the goblin. You block the goblin's attack.
Your scale mail prevents you from hitting the goblin.
The goblin hits you but does no damage.
You are electrocuted!!
Ouch! That really hurt!
You die...

>.... #.....<†.
#...# * #........ *
#...## #........
#....### #........
#...#..........#.##
,
#..#.###.........#
#.S<......#..#####
##g#.###.##.. ####
#@#.# #....., ....
* #.#.#
#..#########
#...###...........
*
#.....†.....######
, #.#..†##.##.# # ,
#.###.##.##.# * #.#
#.##.##.#
#.#*#.##.##.# ...
.....##.#


You could see a goblin and a ball python.

Vanquished Creatures
  2 endoplasms
  A giant cockroach (D:2)
  2 goblins (D:1)
  3 kobolds
  3 ball pythons
  3 bats
  2 frilled lizards (D:2)
  A rat (D:2)
17 creatures vanquished.

Notes
Turn   | Place    | Note
-------+----------+-------------------------------------------
     0 | D:1      | NeededCrab the Deep Dwarf Fighter began the quest for the
                  | Orb.
     0 | D:1      | Reached XP level 1. HP: 20/20 MP: 1/1
   299 | D:1      | Reached XP level 2. HP: 20/27 MP: 2/2
   559 | D:2      | Found a broken altar of Ashenzari.
   667 | D:2      | Found a faded altar of an unknown god.
   745 | D:2      | Slain by a goblin

Illustrated notes

Levels and vault maps discovered:
D:1:      eino_arrival_cavern_d, layout_rooms, minmay_misc_feat_four_crosses
D:2:      layout_loops_ring, basic_altar, shapermc_ecumenical_altar_acropolis

Action                   || total
-------------------------++-------
Melee: War axe           ||    51
Armor: Scale mail        ||    34
Dodge: Dodged            ||    16
Block: Kite shield       ||    33
